 Dungeon Crawl Stone Soup version 0.21.1-1-g345015f (webtiles) character file.

46 shakethe the Grave Robber (level 3, -2/25 HPs)
             Began as a Gnoll Necromancer on Feb 10, 2018.
             Slain by an adder (3 damage)
             ... on level 1 of the Dungeon.
             The game lasted 00:03:43 (1290 turns).

shakethe the Grave Robber (Gnoll Necromancer)       Turns: 1290, Time: 00:03:44

Health: -2/25      AC:  8    Str: 11    XL:     3   Next: 68%
Magic:  8/8        EV:  6    Int: 17    God:
Gold:   64         SH:  0    Dex: 17    Spells: 11/12 levels left

rFire    + + .     SeeInvis .   e - +0 whip
rCold    + . .     Gourm    .   (no shield)
rNeg     . . .     Faith    .   j - +0 chain mail
rPois    +         Spirit   .   (no helmet)
rElec    +         Reflect  .   (no cloak)
rCorr    +         Harm     .   (no gloves)
MR       .....                  (no boots)
Stlth    ..........             (no amulet)
HPRegen  0.08/turn              (no ring)
MPRegen  0.11/turn              (no ring)

@: lethally poisoned (-2 -> -7), resistant
A: distributed training, fangs 1, thin skeletal structure 1, fire resistance 1,
low mp 1, strong nose
a: no special abilities


You were on level 1 of the Dungeon.
You were not hungry.

You visited 1 branch of the dungeon, and saw 2 of its levels.

You collected 64 gold pieces.

Inventory:

Hand Weapons
 e - a +0 whip (weapon)
   (You took it off a kobold on level 1 of the Dungeon)
Armour
 a - a +0 robe
 j - a +0 chain mail (worn)
   (You found it on level 1 of the Dungeon)
Scrolls
 d - 2 scrolls of identify {unknown}
 f - 2 scrolls of remove curse {unknown}
 h - a scroll of magic mapping {unknown}
 l - a scroll of immolation {unknown}
Books
 b - a book of Necromancy
Comestibles
 c - 2 rations


   Skills:
 + Level 0.9 Fighting
 + Level 0.9 Short Blades
 + Level 0.9 Long Blades
 + Level 0.9 Axes
 + Level 0.9 Maces & Flails
 + Level 0.9 Polearms
 + Level 0.9 Staves
 + Level 0.9 Slings
 + Level 0.9 Bows
 + Level 0.9 Crossbows
 + Level 0.9 Throwing
 + Level 0.9 Armour
 + Level 4.5 Dodging
 + Level 4.2 Stealth
 + Level 0.9 Shields
 + Level 0.9 Unarmed Combat
 + Level 5.0 Spellcasting
 + Level 0.6 Conjurations
 + Level 0.6 Hexes
 + Level 0.6 Charms
 + Level 0.6 Summonings
 + Level 7.1 Necromancy
 + Level 0.6 Translocations
 + Level 0.6 Transmutations
 + Level 0.6 Fire Magic
 + Level 0.6 Ice Magic
 + Level 0.6 Air Magic
 + Level 0.6 Earth Magic
 + Level 0.6 Poison Magic
 + Level 1.0 Invocations
 + Level 0.9 Evocations


You had 11 spell levels left.
You knew the following spells:

 Your Spells              Type           Power        Failure   Level  Hunger
a - Pain                  Necr           ####         41%         1    None


Dungeon Overview and Level Annotations

Branches:
Dungeon (2/15)

Altars:


Innate Abilities, Weirdness & Mutations

Your experience applies equally to all skills.
You have very sharp teeth.
Your uncanny sense of smell can sniff out nearby items.
You have a somewhat thin skeletal structure. (Dex +2, Stealth)
Your flesh is heat resistant. (rF+)
Your magical capacity is low. (-10% MP)


Message History

No target in view!
No target in view!
No target in view!
Done exploring.
No target in view!
No target in view!
No target in view!
No target in view!
No target in view!
No target in view!
Done exploring.
Done exploring.
You see here a leather armour.
You see here a goblin skeleton.
There is a stone staircase leading down here.
You climb downwards.
There is a stone staircase leading up here.
i - a glowing emerald potion A rat comes into view.
The rat barely misses you.
You closely miss the rat. The rat bites you but does no damage.
You hit the rat.
You kill the rat!
No target in view!
No target in view!
No target in view!
No target in view!
No target in view!
No target in view!
No target in view!
No target in view!
No target in view!
No target in view!
You now have 64 gold pieces (gained 11).
Found a stone staircase leading up.
No target in view!
Found a stone staircase leading up.
No target in view!
No target in view!
No target in view!
No target in view!
No target in view!
No target in view!
An adder comes into view.
The adder hisses angrily.
A rat comes into view.
A hobgoblin comes into view. It is wielding a club.
You closely miss the adder.
The hobgoblin shouts!
The adder barely misses you.
You closely miss the adder. The adder bites you.
You are poisoned.
The adder poisons you!
You take 3 damage, and have 22/25 hp.
You barely miss the adder. Your punch misses the adder.
You feel sick. The adder closely misses you.
The adder bites you but does no damage.
You take 1 damage, and have 21/25 hp.
You hit the adder. Your bite misses the adder. The adder bites you.
You are more poisoned.
The adder poisons you!
You take 4 damage, and have 17/25 hp.
You closely miss the adder.
You feel sick. The adder bites you. x2
You are lethally poisoned!
The adder poisons you!
You take 6 damage, and have 11/25 hp.
MASSIVE DAMAGE!!
You feel sick.
You take 1 damage, and have 10/25 hp.
You feel sick.
There is a stone staircase leading up here.
You take 1 damage, and have 9/25 hp.
The adder bites you but does no damage.
You climb upwards.
You feel sick.
There is a stone staircase leading down here.
You take 1 damage, and have 8/25 hp.
It was a potion of resistance.
You feel protected. The adder barely misses you.
The adder bites you but does no damage.
It was a potion of mutation.
You feel extremely strange.
Your bones become slightly less dense.
You feel less energetic.
You feel resistant to heat.
* * * LOW HITPOINT WARNING * * *
You feel sick. The adder bites you.
* * * LOW HITPOINT WARNING * * *
You take 4 damage, and have 4/25 hp.
You now have 8/8 mp.
It was a potion of magic.
Magic courses through your body.
* * * LOW HITPOINT WARNING * * *
You feel sick. The adder bites you but does no damage.
You take 1 damage, and have 3/25 hp.
Your chain mail prevents you from hitting the adder.
The adder bites you but does no damage.
Your chain mail prevents you from hitting the adder.
* * * LOW HITPOINT WARNING * * *
You feel sick.
The adder bites you but does no damage. x2
You take 1 damage, and have 2/25 hp.
You hit the adder. The adder bites you but does no damage.
You hit the adder.
* * * LOW HITPOINT WARNING * * *
You feel sick. The adder bites you.
You die...

........##.#.# .............#
......####.### ...#..# #..#
##...## #.## .##.### #.#
......###.#
.##.......#########
###.#(##..##....@.#
......##..##.####S##### #####
.##.......##.##.......####...#
.##...##.##.........#.....)..#
.#....##.##.....#.#.#.####...#
.#.......##......)....# ##.##
.#.#..#####........#..# #.#
......# #.....##.#..# #.#
#...###
####.#######.###########


You could see an adder.

Vanquished Creatures
  3 dart slugs (D:1)
  2 leopard geckos (D:1)
  4 giant cockroaches (D:1)
  5 goblins (D:1)
  5 hobgoblins (D:1)
  A ball python (D:1)
  4 bats (D:1)
  2 frilled lizards (D:1)
  6 kobolds (D:1)
  4 rats
36 creatures vanquished.

Vanquished Creatures (others)
  5 toadstools (D:1)
5 creatures vanquished.

Grand Total: 41 creatures vanquished

Notes
Turn   | Place    | Note
-------+----------+-------------------------------------------
     0 | D:1      | shakethe the Gnoll Necromancer began the quest for the Orb.
     0 | D:1      | Reached XP level 1. HP: 13/13 MP: 6/6
   254 | D:1      | Reached XP level 2. HP: 13/19 MP: 2/7
   813 | D:1      | Reached XP level 3. HP: 16/25 MP: 9/9
   846 | D:1      | Reached skill level 5 in Spellcasting
   939 | D:1      | Reached skill level 1 in Invocations
  1285 | D:1      | Gained mutation: You have a somewhat thin skeletal structure. (Dex +2, Stealth) [potion of mutation]
  1285 | D:1      | Gained mutation: Your magical capacity is low. (-10% MP) [potion of mutation]
  1285 | D:1      | Gained mutation: Your flesh is heat resistant. (rF+) [potion of mutation]
  1285 | D:1      | HP: 4/25 [adder (3)]
  1290 | D:1      | HP: 1/25 [poisoned by an adder]
  1290 | D:1      | Slain by an adder

Skill      XL: |  1  2  3 |
---------------+----------+-----
Spellcasting   | 5 |  5.0
Invocations    | 1 |  1.0
Fighting       | |  0.9
Short Blades   | |  0.9
Long Blades    | |  0.9
Axes           | |  0.9
Maces & Flails | |  0.9
Polearms       | |  0.9
Staves         | |  0.9
Slings         | |  0.9
Bows           | |  0.9
Crossbows      | |  0.9
Throwing       | |  0.9
Armour         | |  0.9
Dodging        | |  4.5
Stealth        | |  4.2
Shields        | |  0.9
Unarmed Combat | |  0.9
Conjurations   | |  0.6
Hexes          | |  0.6
Charms         | |  0.6
Summonings     | |  0.6
Necromancy     | |  7.1
Translocations | |  0.6
Transmutations | |  0.6
Fire Magic     | |  0.6
Ice Magic      | |  0.6
Air Magic      | |  0.6
Earth Magic    | |  0.6
Poison Magic   | |  0.6
Evocations     | |  0.9

Action                   || total
-------------------------++-------
Melee: Whip              ||   123
       Bite              ||     7
 Cast: Pain              ||    25
  Use: Potion            ||     3
  Eat: Chunk             ||     1
Armor: Robe              ||     5
       Chain mail        ||    76
Dodge: Dodged            ||    52

Vault maps used:
D:1:      ldierk_walled_garden, minmay_tetromino_o4
D:2:      kennysheep_generic_room_15

Table legend:
 A = Turns spent in this place as a percentage of turns spent in the entire game.
 B = Non-inter-level travel turns spent in this place as a percentage of non-inter-level travel turns spent in the entire game.
 C = Inter-level travel turns spent in this place as a percentage of turns spent in this place.
 D = Turns resting spent in this place as a percentage of non-inter-level travel turns spent in this place.
 E = Turns spent auto-exploring this place as a percentage of non-inter-level travel turns spent in this place.
 F = Non-inter-level travel turns spent in this place divided by the number of levels of this place that you've seen.
                   A       B       C       D       E      F
               +-------+-------+-------+-------+-------+----------------------
         Total | 100.0 | 100.0 |   0.0 |  36.8 |  32.2 | 645.0
       Dungeon | 100.0 | 100.0 |   0.0 |  36.8 |  32.2 | 645.0
               +-------+-------+-------+-------+-------+----------------------

Table legend:
 A = Kills in this place as a percentage of kills in entire the game.
 B = Kills by you in this place as a percentage of kills by you in the entire game.
 C = Kills by friends in this place as a percentage of kills by friends in the entire game.
 D = Other kills in this place as a percentage of other kills in the entire game.
 E = Experience gained in this place as a percentage of experience gained in the entire game.
 F = Experience gained in this place divided by the number of levels of this place that you have seen.
                   A       B       C       D       E      F
               +-------+-------+-------+-------+-------+----------------------
         Total | 100.0 | 100.0 |   N/A |   N/A | 100.0 |  33.5
       Dungeon | 100.0 | 100.0 |   N/A |   N/A | 100.0 |  33.5
               +-------+-------+-------+-------+-------+----------------------
